Cogmind - Beta 16 @@@ ROGUE MODE // 2025.10.24 @ 01:48:14 Player: Anting Result: Destroyed by V401-j with Heavy Quantum Rifle Performance ------------- Evolutions (8) 4000 Regions Visited (25) 5000 Robots Destroyed (258) 1290 Value Destroyed (11035) 11035 Prototype IDs (137) 2740 Alien Tech Used (3) 600 Bonus (6734) 6734 TOTAL SCORE: 31399 Bonus ------- High Alert Combat Kills 165 Follower Combat Kills 1662 Network Hubs Disabled 400 Registered with UFD 300 Met Optimus in HQ 500 Met Zhirov 300 Built Enhanced Grunts 300 Met R17 at Cetus 500 Found Hidden Lab 3000 Met R17 at Research 2000 Scanned by Researcher 500 Met Optimus at Protoforge 1000 Friendly Fire -3893 Cogmind --------- Core Integrity 0/1450 Matter 255/300 Energy 100/100 System Corruption 18% Temperature Cool (9) Movement Hovering (60) Location -2/Protoforge Parts ------- > --- POWER (3) -------- (None) > --- PROPULSION (6) --- Combat Antigrav System Combat Linear Gravjet Combat Linear Gravjet > --- UTILITY (11) ----- Advanced Signal Interpreter Experimental Targeting Computer Experimental Core Analyzer Experimental Reaction Control System Centrium Light Armor Plating Advanced Hacking Suite Quantum Router > --- WEAPON (4) ------- Helical Railgun Helical Railgun > --- INVENTORY (5) ---- Combat Antigrav System Experimental Heat Sink 2N-1CE's Frost Array Precision Matter Filter Gun Armor Peak State ------------ > --- POWER ------------ Micro Antimatter Reactor Micro Antimatter Reactor > --- PROPULSION ------- Combat Linear Gravjet Combat Linear Gravjet Combat Linear Gravjet Combat Linear Gravjet Combat Linear Gravjet Combat Linear Gravjet > --- UTILITY ---------- 2N-1CE's Frost Array Large Storage Unit Advanced Sensor Array Advanced Signal Interpreter Advanced Terrain Scanner Experimental Terrain Scan Processor Advanced Transmission Jammer Advanced Cloaking Device Experimental Powered Armor Graphene Brace Advanced Hacking Suite > --- WEAPON ----------- Enhanced Nova Cannon Hypervelocity Multirail Perforator > --- INVENTORY -------- Micro Antimatter Reactor Combat Linear Gravjet Combat Linear Gravjet Combat Linear Gravjet Combat Linear Gravjet Precision Matter Filter Gun Armor SHELL Armor AEGIS Remote Shield Quantum Router Transdimensional Reconstructor Fusion Bomb Launcher [Rating: 204] Favorites ----------- Power Ion Engine Engine Ion Engine Power Core Light Nuclear Core Reactor Light Antimatter Reactor Propulsion Combat Linear Gravjet Treads Light Treads Wheel Compact Wheel Hover Unit Combat Linear Gravjet Flight Unit Diametric Drive Utility Large Storage Unit Device Improved Sensor Array Storage Large Storage Unit Processor Advanced Signal Interpreter Hackware Improved Hacking Suite Protection Medium Regenerative Plating Weapon Heavy Assault Rifle Energy Gun EM Pulse Gun Energy Cannon Enhanced Nova Cannon Ballistic Gun Heavy Assault Rifle Ballistic Cannon Magnetic Acceleration Cannon Launcher Fusion Bomb Launcher Special Weapon CPS Tube Slashing Weapon Phasing Sabre Piercing Weapon Makeshift Spear Special Melee Weapon Advanced Datajack Build | -11 -10 -10 -8 -6 -6 -6 -6 -6 -6 -6 -5 -5 -5 -5 -5 -5 -4 -4 -4 -4 -3 -3 -2 -2 -2 ------- Run | Yrd Mat Sub Scr Fac Was Fac Ext Cet Arc Hub Fac Was Fac Upp Upp Zhi Pro Fac Arm Lab Res Tes Res Qua Frg Slots Evolved 16 | . . . . 8 . . . . . . 2 . . . . . . 2 . . 2 . 2 . . Power 2 | . . . . 1 . . . . . . . . . . . . . . . . . . 1 . . Propulsion 4 | . . . . 3 . . . . . . 1 . . . . . . . . . . . . . . Utility 9 | . . . . 4 . . . . . . 1 . . . . . . 2 . . 2 . . . . Weapon 1 | . . . . . . . . . . . . . . . . . . . . . . . 1 . . Parts Attached 224 | 5 7 2 6 29 . 16 17 5 4 1 7 4 20 2 3 4 2 13 19 2 6 11 5 12 22 Power 38 | . 1 . 1 3 . 4 5 1 1 . . 1 6 . 1 1 . . 3 . . 4 1 2 3 Engine 19 | . 1 . 1 2 . 3 5 1 1 . . . 4 . . 1 . . . . . . . . . Core 8 | . . . . 1 . 1 . . . . . 1 2 . 1 . . . . . . . . . 2 Reactor 11 | . . . . . . . . . . . . . . . . . . . 3 . . 4 1 2 1 Propulsion 54 | 2 . . 2 6 . 5 4 1 . . 3 2 6 1 1 . . 3 10 . . . 1 4 3 Treads 2 | 2 . . . . . . . . . . . . . . . . . . . . . . . . . Leg . | . . . . . . . . . . . . . . . . . . . . . . . . . . Wheel 2 | . . . 2 . . . . . . . . . . . . . . . . . . . . . . Hover 48 | . . . . 6 . 3 4 1 . . 3 2 6 1 1 . . 3 10 . . . 1 4 3 Flight 2 | . . . . . . 2 . . . . . . . . . . . . . . . . . . . Utility 80 | . 4 1 2 13 . 5 5 3 3 . 2 . 5 . . 3 1 6 2 1 4 4 2 5 9 Device 29 | . . . . 3 . 3 2 . 1 . . . 2 . . . 1 4 . . 3 3 1 3 3 Storage 6 | . . 1 1 1 . . . . . . . . 1 . . 1 . . 1 . . . . . . Processor 11 | . . . 1 3 . 1 . . . . . . 1 . . . . . . . 1 . . . 4 Hackware 11 | . . . . 3 . . . . 1 . 1 . 1 . . . . 2 1 1 . . 1 . . Protection 23 | . 4 . . 3 . 1 3 3 1 . 1 . . . . 2 . . . . . 1 . 2 2 Artifact . | . . . . . . . . . . . . . . . . . . . . . . . . . . Weapon 52 | 3 2 1 1 7 . 2 3 . . 1 2 1 3 1 1 . 1 4 4 1 2 3 1 1 7 Energy Gun 1 | 1 . . . . . . . . . . . . . . . . . . . . . . . . . Energy Cannon 8 | . . . . 2 . . . . . . . . . 1 . . . 2 1 . . . 1 1 . Ballistic Gun 17 | 2 2 . . . . . . . . . . 1 . . . . . 1 2 1 1 1 . . 6 Ballistic Cannon 10 | . . . 1 1 . . 1 . . . . . 1 . . . 1 1 1 . 1 2 . . . Launcher 9 | . . . . 2 . 2 1 . . . 2 . 1 . 1 . . . . . . . . . . Special Weapon 1 | . . . . . . . . . . . . . . . . . . . . . . . . . 1 Impact Weapon . | . . . . . . . . . . . . . . . . . . . . . . . . . . Slashing Weapon 3 | . . . . 1 . . 1 . . . . . 1 . . . . . . . . . . . . Piercing Weapon 1 | . . 1 . . . . . . . . . . . . . . . . . . . . . . . Special Melee Weapon 2 | . . . . 1 . . . . . 1 . . . . . . . . . . . . . . . Unidentified Prototypes 27 | . . . . 1 . 3 . 2 . . 1 . . . . 4 . . 1 . 1 5 . 2 7 Corrupted Parts 1 | . . . . . . . . . . . . . . . . . . . . . . 1 . . . System Corruption 1 | . . . . . . . . . . . . . . . . . . . . . . 1 . . . Parts Lost 92 | . . . . 1 2 3 19 2 . . 4 . 11 . 2 . 4 4 . . . 2 6 13 19 Power 27 | . . . . . 1 2 5 1 . . 2 . 5 . 1 . . 2 . . . 1 1 3 3 Propulsion 25 | . . . . . 1 . 5 1 . . 2 . 3 . 1 . 1 1 . . . . . 4 6 Utility 24 | . . . . 1 . 1 6 . . . . . . . . . 1 . . . . 1 4 3 7 Weapon 16 | . . . . . . . 3 . . . . . 3 . . . 2 1 . . . . 1 3 3 Highest Loss Streak 7 | . . . . 1 2 1 7 1 . . 2 . 3 . 2 . 4 3 . . . 1 5 7 7 To Critical Strikes . | . . . . . . . . . . . . . . . . . . . . . . . . . . Average Backups 13 | 2 4 13 15 14 14 14 13 13 14 14 14 14 14 13 13 13 14 13 14 12 14 14 12 11 7 Power . | . . 1 1 . . . . . . . . . . . . . 1 . . . 1 1 1 . . Propulsion 2 | 1 2 1 1 3 4 4 3 3 3 4 3 3 2 1 . . . 2 3 . 4 4 4 3 1 Utility 6 | . 1 5 7 6 5 5 4 5 6 7 6 6 7 8 9 8 8 7 5 4 5 5 5 5 4 Weapon 3 | . . 4 4 4 4 4 4 4 3 3 4 4 4 3 3 4 3 2 5 5 2 2 1 . . Tool/Special . | . . . . . . . . . . . . . . . . . . . . . . . . . . Unused Backups 56 | . 3 2 13 13 . . . . 3 . 1 . 4 . . . . . 5 4 1 2 . . 5 Power 2 | . 1 . 1 . . . . . . . . . . . . . . . . . . . . . . Propulsion 14 | . . 2 2 2 . . . . 2 . . . 1 . . . . . 3 . . . . . 2 Utility 19 | . 2 . 4 5 . . . . 1 . . . 2 . . . . . . . 1 1 . . 3 Weapon 19 | . . . 5 6 . . . . . . 1 . 1 . . . . . 2 3 . 1 . . . Tool/Special 2 | . . . 1 . . . . . . . . . . . . . . . . 1 . . . . . Average Slot Usage (%) 90 | . 97 90 85 96 93 89 81 96 97 97 94 98 97 94 99 94 87 94 97 100 98 98 86 74 73 Engine 7 | . 13 14 14 6 2 5 9 13 13 13 7 4 7 . . . 5 5 . . . . . . . Core 1 | . . . . 4 6 4 . . . . . 5 2 11 10 10 5 4 . . . . . . 3 Reactor 1 | . . . . . . . . . . . . . . . . . . . 8 10 9 8 8 6 . Treads 10 | . 28 28 26 . . . . . . . . . . . . . . . . . . . . . . Hover 18 | . . . . 30 31 25 29 32 33 33 33 34 34 35 34 35 32 30 30 31 27 27 25 23 24 Device 5 | . . . . 5 6 8 6 2 6 6 1 . 5 5 5 5 3 12 20 21 21 22 21 12 4 Storage 7 | . . 8 13 6 6 6 6 6 6 6 5 5 5 5 5 5 5 5 5 5 4 4 4 4 3 Processor 3 | . . . . 6 6 6 6 6 6 6 5 5 5 5 5 5 5 5 5 5 8 9 8 8 13 Hackware 5 | . . . . 7 13 10 6 6 5 6 10 11 11 11 11 11 11 13 10 10 9 6 6 8 8 Protection 6 | . 26 11 . 11 4 5 3 14 13 13 15 17 9 11 11 9 7 5 5 5 4 5 4 2 5 Energy Cannon 1 | . . . . . . . 2 . . . . . . . 5 1 . 2 5 5 4 4 4 3 . Ballistic Gun 8 | . 28 23 13 . . . . . . . . 3 3 . . . 1 . 3 5 7 5 . 2 7 Ballistic Cannon 1 | . . . . 5 6 4 1 . 3 . . . . 5 2 . 3 3 . . . 1 3 . . Slashing Weapon 1 | . . . . 3 6 5 3 6 6 6 5 5 3 . . . . . . . . . . . . Piercing Weapon 4 | . . 4 14 2 . . . . . . . . . . . . . . . . . . . . . Peak Build Rating 204 | 4 11 17 24 69 68 72 76 86 85 90 104 103 106 106 108 111 107 123 143 146 169 192 204 190 198 Average Rating 72 | 3 7 13 14 61 63 66 62 81 83 87 98 100 97 101 107 103 98 115 136 142 165 181 192 167 162 On Entrance 88 | . 4 11 17 24 68 58 67 70 85 83 90 89 103 92 106 108 106 95 98 143 146 169 188 139 132 Avg Prop Armor Cover (%) 3 | 26 16 . . 2 . . . . . . . . 2 1 1 1 1 . 8 . . . . 3 8 Naked Turns . | . . . . . . . . . . . . . . . . . . . . . . . . . . Heaviest Build 211 | 3 21 211 210 82 47 54 58 69 69 62 73 67 68 65 68 56 59 73 81 76 89 98 92 110 92 Greatest Support 92 | 20 40 40 40 60 57 53 68 65 62 62 71 68 74 69 73 73 73 85 86 84 90 90 90 90 92 Greatest Overweight (x) 18 | . 5 5 6 5 . 1 1 1 1 . 18 1 1 . . . . . 3 . . 1 1 1 1 Average Overweight (x) . | . 2 1 4 . . . . . . . . . . . . . . . . . . . . . . Largest Inventory Capacity 35 | 5 5 35 35 20 15 15 15 15 15 15 15 15 15 15 15 15 15 15 15 15 15 15 15 15 15 Average Capacity 20 | 5 5 23 34 15 15 15 15 15 15 15 15 15 15 15 15 15 15 15 15 15 15 15 15 15 14 Most Carried 29 | 5 5 25 29 19 15 15 15 15 15 15 15 15 15 15 15 15 15 15 15 15 15 15 15 15 13 Average Carried 14 | 2 4 14 16 15 15 14 13 13 14 14 14 14 14 14 14 14 14 14 14 12 14 14 14 12 9 Final Capacity 35 | 5 5 35 20 15 15 15 15 15 15 15 15 15 15 15 15 15 15 15 15 15 15 15 15 15 5 Final Carried 25 | 5 5 25 20 15 15 15 14 15 15 14 15 15 14 15 14 15 14 15 15 15 15 15 15 8 5 Class Distribution -------------------- 32% | Hauler-Mutant 19% | Hacker-Mutant 17% | Mutant 17% | Scavenger-Mutant 5% | Hacker-Scout 4% | Commander-Mutant Dominant Class ---------------- Mutant | -10/Materials Hauler-Mutant | -10/Subcaves Hauler-Mutant | -8/Scraptown Mutant | -6/Factory Hacker-Mutant | -6/Waste Hacker-Mutant | -6/Factory Mutant | -6/Extension Commander-Mutant | -6/Cetus Commander-Mutant | -6/Archives Commander-Mutant | -6/Hub_04(d) Scavenger-Mutant | -5/Factory Hacker-Mutant | -5/Waste Scavenger-Mutant | -5/Factory Scavenger-Mutant | -5/Upper Caves Scavenger-Mutant | -5/Upper Caves Scavenger-Mutant | -5/Zhirov Hacker-Mutant | -4/Proximity Caves Scavenger-Mutant | -4/Factory Hacker-Mutant | -4/Armory Hacker-Mutant | -4/Lab Hacker-Scout | -3/Research Hacker-Scout | -3/Testing Hacker-Tank | -2/Research Hacker-Mutant | -2/Quarantine Scavenger-Gunner | -2/Protoforge Resources | -11 -10 -10 -8 -6 -6 -6 -6 -6 -6 -6 -5 -5 -5 -5 -5 -5 -4 -4 -4 -4 -3 -3 -2 -2 -2 ----------- Run | Yrd Mat Sub Scr Fac Was Fac Ext Cet Arc Hub Fac Was Fac Upp Upp Zhi Pro Fac Arm Lab Res Tes Res Qua Frg Matter Collected 9993 | 181 208 105 . 630 . 500 825 127 60 10 42 161 553 191 402 161 179 49 705 . 846 1428 956 610 1064 Remotely . | . . . . . . . . . . . . . . . . . . . . . . . . . . Salvage Created 12857 | . 208 161 . 859 . 524 994 555 285 97 221 291 816 . 349 161 51 74 696 . 731 1711 1295 1628 1150 Parts 646 | . 19 22 . 51 . 28 32 16 21 4 15 3 47 . 12 2 6 7 42 . 38 94 65 72 50 Haulers Intercepted 7 | . . . . 1 . . 2 . . 1 . . . . . . . . . . 2 . . 1 . Recyclers Shooed 4 | . . . . . . 1 . . . . . . . . . . . . . . . . 2 1 . Parts Field Recycled . | . . . . . . . . . . . . . . . . . . . . . . . . . . Retrieved Matter . | . . . . . . . . . . . . . . . . . . . . . . . . . . Parts Self-Destructed 23 | . . 7 . . . . . . . . . . . . 10 1 5 . . . . . . . . Prevented . | . . . . . . . . . . . . . . . . . . . . . . . . . . Parts Restored . | . . . . . . . . . . . . . . . . . . . . . . . . . . Kills | -11 -10 -10 -8 -6 -6 -6 -6 -6 -6 -6 -5 -5 -5 -5 -5 -5 -4 -4 -4 -4 -3 -3 -2 -2 -2 ------- Run | Yrd Mat Sub Scr Fac Was Fac Ext Cet Arc Hub Fac Was Fac Upp Upp Zhi Pro Fac Arm Lab Res Tes Res Qua Frg Combat Hostiles Destroyed 167 | . 9 5 . 12 . 10 14 3 . . 9 1 14 . 5 . 1 4 13 . 4 19 7 18 19 Melee 6 | . . . . 1 . 1 1 . . . 2 . 1 . . . . . . . . . . . . Guns 68 | . 9 5 . . . . . . . . . . 5 . . . . 2 4 . 4 6 . 14 19 Cannons 43 | . . . . 5 . 1 6 . . . . . 1 . 2 . 1 . 5 . . 13 7 2 . AOE 45 | . . . . 6 . 8 6 . . . 7 1 7 . 3 . . 2 3 . . . . 2 . Classes Destroyed 26 | . 3 1 . 7 . 2 2 1 . . . 2 . . 1 . . . . . . 1 . 3 3 Worker 18 | . 1 . . 2 . 6 1 . . . . . 1 . . . . . . . 3 . 4 . . Builder 17 | . . . . . . 1 2 . . . . . 3 . . . . . . . 1 4 3 3 . Tunneler 6 | . . . . 1 . 1 . . . . . . 2 . . . . . . . 1 . 1 . . Hauler 7 | . . . . 1 . . 2 . . 1 . . . . . . . . . . 2 . . 1 . Recycler 16 | . . . . 3 . 2 2 . . . . . 2 . . . . . . . 1 1 4 1 . Mechanic 1 | . . . . 1 . . . . . . . . . . . . . . . . . . . . . Operator 11 | . . . . 2 . . . . 8 . . . . . . . . . . . . 1 . . . Drone 7 | . . . . . . . . . . . . . . . . . . . . . . . . . 7 Watcher 11 | . . . . . . 1 1 2 . . . . 1 . . . . . 2 . . 2 2 . . Swarmer 56 | . 7 2 . 6 . 8 . . . . 9 . 9 . 4 . . 4 5 . . . . 2 . Grunt 35 | . 2 . . 3 . . 5 . . . . . 1 . 1 . . . 1 . 3 6 . 9 4 Brawler 2 | . . . . 1 . . . . . . . . . . . . . . . . . . . . 1 Duelist 3 | . . . . . . . . . . . . . . . . . . . 3 . . . . . . Researcher 1 | . . . . . . . . . . . . . . . . . . . . . . 1 . . . Sentry 10 | . . . . . . . 5 . . . . . . . . . . . 1 . 1 2 1 . . Specialist 3 | . . . . . . . . . . . . . . . . . . . . . . . . 3 . Hunter 13 | . . . . . . . 3 . . . . . . . . . . . . . . 6 3 1 . Programmer 22 | . . . . 2 . 2 1 . . . . . 4 . . . 1 . 3 . . 5 3 1 . Q-Series 1 | . . . . . . . . . . . . . . . . . . . . . . . . 1 . Compactor 1 | . . . . . . . . . . . . 1 . . . . . . . . . . . . . Cetus Guard 3 | . . . . . . . . 3 . . . . . . . . . . . . . . . . . Hotshot 5 | . . . . . . . . . . . . . . . . . . . . . . . . . 5 Decapitator 1 | . . . . . . . . . . . . . . . . . . . . . . . . . 1 Alpha 7 1 | . . . . . . . . . . . . . . . . . . . . . . . . 1 . V-Series 1 | . . . . . . . . . . . . . . . . . . . . . . . . . 1 Subdweller 3 | . . 3 . . . . . . . . . . . . . . . . . . . . . . . Samaritan 1 | . . . . . . . . . . . . . . . 1 . . . . . . . . . . Savage 1 | . . . . . . . . 1 . . . . . . . . . . . . . . . . . Butcher 2 | . . . . . . . . 2 . . . . . . . . . . . . . . . . . Martyr 1 | . . . . . . . . . . . . 1 . . . . . . . . . . . . . Best Kill Streak 15 | . 7 2 . 5 . 5 9 4 4 1 9 1 4 . 4 . 1 4 5 . 3 6 15 9 4 Combat Bots Only 9 | . 6 2 . 3 . 4 6 3 . . 9 1 4 . 4 . 1 4 5 . 2 4 3 7 4 Max Kills in Single Turn 3 | . 2 1 . 3 . 2 3 2 1 1 3 1 3 . 3 . 1 2 3 . 2 2 2 3 2 Gunslinging 1 | . 1 . . . . . . . . . . . . . . . . . . . . . . . . Exploded 3 | . . . . 2 . 2 3 . . . 3 1 3 . 3 . . 2 3 . . . . 2 . Melee 1 | . . . . 1 . 1 1 . . . 1 . 1 . . . . . . . . . . . . Uniques/NPCs Destroyed 1 | . . . . . . . . 1 . . . . . . . . . . . . . . . . . A7 (-6/Cetus) Combat | -11 -10 -10 -8 -6 -6 -6 -6 -6 -6 -6 -5 -5 -5 -5 -5 -5 -4 -4 -4 -4 -3 -3 -2 -2 -2 -------- Run | Yrd Mat Sub Scr Fac Was Fac Ext Cet Arc Hub Fac Was Fac Upp Upp Zhi Pro Fac Arm Lab Res Tes Res Qua Frg Hostile Shots Fired 1884 | . 34 16 . 127 3 57 424 16 . 19 96 . 152 9 16 . 128 41 39 . 20 136 67 203 281 Missed 764 | . 8 4 . 70 1 32 193 7 . 11 30 . 54 6 7 . 61 14 17 . 5 50 18 65 111 Hits 1120 | . 26 12 . 57 2 25 231 9 . 8 66 . 98 3 9 . 67 27 22 . 15 86 49 138 170 Melee 14 | . . . . . 2 . . . . . . . . . . . . . 3 . . . . . 9 Projectile 1106 | . 26 12 . 57 . 25 231 9 . 8 66 . 98 3 9 . 67 27 19 . 15 86 49 138 161 AOE 15 | . . . . . . . . . . . . . . . . . . . . . . . . 9 6 Critical Strikes 55 | . . . . 1 1 . 1 3 . . 1 . 4 . . . 5 . 1 . . 11 7 4 16 Actively Blocked 23 | . . . . . . . . . . . . . . . . . . . 1 . . 11 7 4 . Part Disruptions 3 | . . . . . . . . . . . . . . . . . . . . . . 1 . . 2 Damage Taken 22787 | . 213 288 . 711 96 605 2522 234 24 136 1112 4 2188 52 320 . 1100 672 581 . 209 1545 1554 2862 5759 Core 3307 | . 33 46 . 95 47 63 483 . . 24 71 2 297 . 188 . 124 244 . . 50 109 172 446 813 Absorbed by Shields 1435 | . . . . . . . 51 51 . . . . . . . . . . . . . . 45 1245 43 Regen/Repaired (Parts) 3444 | . . . . 172 . . . 6 157 42 10 434 189 239 16 55 102 250 219 20 . 274 . 651 608 Core Remaining (%) 62 | 100 . . 68 . . . . . . 16 . . . . . . 31 . . 73 . 87 . . . Volleys Fired 770 | . 19 13 . 20 . 25 45 12 . . 5 4 32 1 70 6 9 28 124 8 81 77 39 105 47 Largest 4 | . 2 2 . 2 . 2 2 1 . . 1 1 2 1 2 1 2 2 2 1 3 3 2 2 4 Hottest 220 | . 40 46 . 170 . 88 134 43 . . 46 45 80 47 137 90 80 98 160 120 198 220 220 170 134 Shots Fired 1038 | . 38 26 . 27 . 28 66 12 . . 5 4 52 1 76 7 15 31 145 8 127 110 39 108 113 Gun 495 | . 38 26 . . . . . . . . . 2 20 . . . 6 3 77 . 90 44 . 78 111 Cannon 482 | . . . . 19 . 14 61 . . . . . 24 1 75 7 9 27 67 8 37 66 39 28 . Launcher 59 | . . . . 8 . 14 5 12 . . 5 2 8 . 1 . . 1 1 . . . . 2 . Special 2 | . . . . . . . . . . . . . . . . . . . . . . . . . 2 Kinetic 665 | . 38 26 . 17 . 14 35 . . . . 2 44 1 12 1 15 7 77 . 90 74 23 78 111 Thermal 312 | . . . . 2 . . 26 . . . . . . . 63 6 . 23 67 8 37 36 16 28 . Explosive 37 | . . . . 8 . 14 5 . . . . 2 3 . 1 . . 1 1 . . . . 2 . Electromagnetic 22 | . . . . . . . . 12 . . 5 . 5 . . . . . . . . . . . . Robot Hit Streak 51 | . 6 9 . 5 . 6 10 . . . 2 4 6 2 4 3 1 3 9 . 11 12 5 51 43 Robot Miss Streak 19 | . 4 2 . 2 . 4 2 . . . . 2 4 . 2 1 2 1 3 . 5 11 19 5 2 Penetration Max 4 | . . . . . . . . . . . . . . . . . . . 1 . 1 2 2 4 2 Secondary Targets 6 | . 2 1 . . . . . . . . . . . . . . . . . . . . . . 3 Max Gunslinging Chain 1 | . 1 1 . . . . . . . . . . . . . . . . . . . . . . 1 Shots Hit Robots 678 | . 20 20 . 29 . 25 91 13 13 4 4 5 32 1 27 5 4 4 65 . 56 60 26 89 85 Core Hits 554 | . 14 8 . 30 . 32 70 18 7 2 9 4 30 . 9 2 3 4 32 . 24 58 63 84 51 Critical Kills 77 | . . 2 . . . . 1 . . . . . . . 1 . . . 4 . 5 24 18 19 3 Critical Parts Destroyed 111 | . . . . . . . . . . . . . 1 . . . . . 6 . 5 28 21 46 4 Critical Strikes 244 | . . 2 . 1 . 1 2 2 1 . . . 3 . 1 . . 1 12 . 10 55 42 104 7 Meltdown 4 | . . . . . . . 1 . . . . . . . 1 . . . 2 . . . . . . Destroy 230 | . . 2 . . . . . . . . . . 1 . . . . . 10 . 10 54 42 104 7 Blast 5 | . . . . . . 1 . . . . . . 2 . . . . 1 . . . 1 . . . Sever 4 | . . . . . . . 1 2 1 . . . . . . . . . . . . . . . . Impale 1 | . . . . 1 . . . . . . . . . . . . . . . . . . . . . Melee Attacks 236 | . . 3 . 42 . 51 47 13 13 11 14 2 39 . . . . 1 . . . . . . . Impact . | . . . . . . . . . . . . . . . . . . . . . . . . . . Slashing 175 | . . . . 21 . 51 12 13 13 10 14 2 39 . . . . . . . . . . . . Piercing 23 | . . 3 . 20 . . . . . . . . . . . . . . . . . . . . . Sneak Attacks 96 | . . . . 12 . 10 38 13 11 2 . 2 7 . . . . 1 . . . . . . . Combat Hostiles . | . . . . . . . . . . . . . . . . . . . . . . . . . . Follow-up Attacks . | . . . . . . . . . . . . . . . . . . . . . . . . . . Damage Inflicted 27089 | . 200 306 . 2270 . 2296 2970 1810 1259 156 836 1134 2172 28 1141 104 172 430 1771 . 1086 1230 640 1921 3157 Guns 6841 | . 200 306 . . . . . . . . . 26 363 . . . 24 47 418 . 790 298 . 1212 3157 Cannons 6683 | . . . . 310 . 119 1500 . . . . . 384 28 816 104 148 35 965 . 296 896 576 506 . Explosions 7652 | . . . . 1070 . 1000 1010 985 . . 704 926 667 . 325 . . 348 378 . . 36 . 203 . Melee 5778 | . . . . 890 . 1177 460 825 1259 156 128 182 701 . . . . . . . . . . . . Ramming 135 | . . . . . . . . . . . 4 . 57 . . . . . 10 . . . 64 . . Kinetic 9851 | . 200 306 . 238 . 119 826 . . . . 26 747 28 243 . 172 82 418 . 790 933 354 1212 3157 Thermal 4215 | . . . . 72 . 106 674 203 . . 233 . . . 573 104 . . 965 . 296 261 222 506 . Explosive 5579 | . . . . 1070 . 894 1010 . . . . 926 425 . 325 . . 348 378 . . . . 203 . Electromagnetic 1531 | . . . . . . . . 782 . . 471 . 242 . . . . . . . . 36 . . . Impact . | . . . . . . . . . . . . . . . . . . . . . . . . . . Slashing 5202 | . . . . 314 . 1177 460 825 1259 156 128 182 701 . . . . . . . . . . . . Piercing 576 | . . . . 576 . . . . . . . . . . . . . . . . . . . . . Highest Corruption 18 | . . . . . . . . . . . . . 8 9 9 9 9 . 1 1 . 4 2 7 18 Average Corruption 5 | . . . . . . . . . . . . . 5 9 9 9 9 . 1 1 . 2 1 3 8 Corruption Purged 10 | . . . . . . . . . . . . . 10 . . . . . . . . . . . . Corruption Blocked . | . . . . . . . . . . . . . . . . . . . . . . . . . . Effects 175 | . . . . . . . . . . . . . 20 16 44 12 16 . 11 2 . 6 4 9 35 Message Errors 47 | . . . . . . . . . . . . . 5 5 15 3 3 . 6 1 . 2 1 1 5 Matter Fused 52 | . . . . . . . . . . . . . 7 3 16 4 6 . 1 . . 2 2 2 9 Heat Flow Errors 16 | . . . . . . . . . . . . . 1 2 4 . . . 1 1 . . . 3 4 Energy Discharges 19 | . . . . . . . . . . . . . 1 2 4 1 2 . 1 . . 1 . . 7 Parts Rejected 2 | . . . . . . . . . . . . . . . . . 1 . . . . . . . 1 Data Loss (minor) 19 | . . . . . . . . . . . . . 1 4 2 2 1 . 2 . . . . 1 6 Data Loss (major) 7 | . . . . . . . . . . . . . 4 . . . . . . . . 1 . 1 1 Misfires 5 | . . . . . . . . . . . . . 1 . 1 1 1 . . . . . . 1 . Alerts 3 | . . . . . . . . . . . . . . . . 1 2 . . . . . . . . Weapon Failures 5 | . . . . . . . . . . . . . . . 2 . . . . . . . 1 . 2 Overload Shots . | . . . . . . . . . . . . . . . . . . . . . . . . . . Overflow Damage 1812 | . . . . 246 . 413 62 42 337 . 133 5 224 . 113 . . 2 35 . 8 83 23 86 . Projectiles 298 | . . . . 2 . . 4 . . . . . 50 . 111 . . . 35 . 8 83 5 . . Explosions 328 | . . . . 31 . 52 . 12 . . 133 . 10 . 2 . . 2 . . . . . 86 . Melee 1186 | . . . . 213 . 361 58 30 337 . . 5 164 . . . . . . . . . 18 . . Knockbacks 40 | . . . . 5 . . 1 . . . . . 7 . 4 . 3 1 . . . 10 9 . . Impact . | . . . . . . . . . . . . . . . . . . . . . . . . . . Kinetic 40 | . . . . 5 . . 1 . . . . . 7 . 4 . 3 1 . . . 10 9 . . Secondary . | . . . . . . . . . . . . . . . . . . . . . . . . . . Self-Inflicted Damage 461 | . . . . 34 . 219 13 52 . . 2 . 87 . . . . 7 5 . . 10 32 . . Shots 14 | . . . . 1 . 5 1 2 . . . . 3 . . . . 1 . . . 1 . . . Rammed 10 | . . . . . . . . . . . 2 . 5 . . . . . 1 . . . 2 . . Targets Rammed 10 | . . . . . . . . . . . 2 . 5 . . . . . 1 . . . 2 . . Kicked . | . . . . . . . . . . . . . . . . . . . . . . . . . . Crushed . | . . . . . . . . . . . . . . . . . . . . . . . . . . Highest Temperature 546 | . 62 . . 310 . 145 399 73 29 68 52 294 321 267 546 290 129 251 346 339 321 245 27 242 269 Average Temperature 81 | . 21 . . 55 . 27 54 26 11 32 18 117 92 119 87 61 31 69 112 141 102 73 17 56 99 Received Heat Transfer 2601 | . 36 48 . 180 . 12 631 . . 39 180 . 189 . 36 . 183 102 12 . . 36 . 148 769 Effects 48 | . . . . 1 . . 3 . . . . 1 13 7 3 . . 4 10 1 3 2 . . . Shutdowns 4 | . . . . . . . 2 . . . . . 1 . 1 . . . . . . . . . . Energy Bleed 7 | . . . . 1 . . . . . . . 1 2 1 . . . . 2 . . . . . . Interference 33 | . . . . . . . . . . . . . 10 6 . . . 4 7 1 3 2 . . . Matter Decay 1 | . . . . . . . . . . . . . . . 1 . . . . . . . . . . Short Circuit 1 | . . . . . . . . . . . . . . . . . . . 1 . . . . . . Damage (minor) 1 | . . . . . . . 1 . . . . . . . . . . . . . . . . . . Damage (core) 1 | . . . . . . . . . . . . . . . 1 . . . . . . . . . . Siege Activations . | . . . . . . . . . . . . . . . . . . . . . . . . . . Martial Activations . | . . . . . . . . . . . . . . . . . . . . . . . . . . Shielding Activations . | . . . . . . . . . . . . . . . . . . . . . . . . . . Robots Disrupted 1 | . . . . . . . . . . . . . . . . . . . . . . 1 . . . Combat Hostiles 1 | . . . . . . . . . . . . . . . . . . . . . . 1 . . . Robots Corrupted 3 | . . . . . . . . 3 . . . . . . . . . . . . . . . . . Combat Hostiles 3 | . . . . . . . . 3 . . . . . . . . . . . . . . . . . Parts Fried 7 | . . . . . . . . 4 . . 3 . . . . . . . . . . . . . . Impact Corruptions 1 | . . . . . . . . . . . . . . . . . . . . . . . 1 . . Robots Melted 4 | . . . . . . . 1 . . . . . . . 1 . . . 2 . . . . . . Combat Hostiles 3 | . . . . . . . 1 . . . . . . . 1 . . . 1 . . . . . . Parts Melted 7 | . . . . 1 . . 2 . . . . . . . . . . . 3 . . . . . 1 Heat Transferred 5445 | . . . . 100 . 50 1050 350 . . 250 . . . 900 200 . . 1324 . 259 222 185 555 . Parts Sabotaged . | . . . . . . . . . . . . . . . . . . . . . . . . . . Parts Stolen . | . . . . . . . . . . . . . . . . . . . . . . . . . . Parts Stripped . | . . . . . . . . . . . . . . . . . . . . . . . . . . Power Chain Reactions 2 | . . . . . . . . 1 . . 1 . . . . . . . . . . . . . . Alert | -11 -10 -10 -8 -6 -6 -6 -6 -6 -6 -6 -5 -5 -5 -5 -5 -5 -4 -4 -4 -4 -3 -3 -2 -2 -2 ------- Run | Yrd Mat Sub Scr Fac Was Fac Ext Cet Arc Hub Fac Was Fac Upp Upp Zhi Pro Fac Arm Lab Res Tes Res Qua Frg Maximum Alert Level 3 | . . . . 2 . 2 1 1 1 3 3 1 2 . . . . . 1 . . 2 1 2 1 Low Security (%) 49 | 100 100 . . 32 100 65 57 7 22 6 . 46 22 . . . . 100 73 . 100 69 11 19 14 Level 1 40 | . . . . 54 . 19 42 92 77 10 41 53 62 . . . . . 26 . . 14 88 47 85 Level 2 9 | . . . . 13 . 14 . . . 67 57 . 15 . . . . . . . . 15 . 32 . Level 3 . | . . . . . . . . . . 16 . . . . . . . . . . . . . . . Level 4 . | . . . . . . . . . . . . . . . . . . . . . . . . . . Level 5 . | . . . . . . . . . . . . . . . . . . . . . . . . . . High Security . | . . . . . . . . . . . . . . . . . . . . . . . . . . Max Security . | . . . . . . . . . . . . . . . . . . . . . . . . . . Peak Influence 814 | . 154 . . 454 97 454 346 337 281 814 702 247 602 . . . . 181 247 . 87 503 349 507 319 Initial 333 | . . . . . 97 11 219 160 98 63 333 245 87 . . . . . 61 . . 18 258 153 285 Average 201 | . 35 . . 235 55 135 180 267 210 564 495 198 275 . . . . 100 156 . 32 156 281 335 244 Influence Increases 10834 | . 252 100 . 919 . 844 770 327 242 828 569 94 1528 30 135 5 105 380 697 . 351 897 424 810 527 Destroy 0b10 Robot/C 3880 | . 180 40 . 240 . 200 420 160 80 180 180 . 460 . 100 . 20 80 280 . 80 400 140 360 280 Destroy 0b10 Robot/NC 480 | . 5 . . 50 . 55 45 10 40 5 . . 45 . 10 5 . . 10 . 40 40 70 25 25 Destroy Leader 598 | . 30 . . 52 . 42 62 . . 42 10 . 92 . 10 . 10 10 34 . 24 74 44 32 30 Allied During Kill 656 | . . . . . . . 57 150 89 227 . . 129 . . . . . 4 . . . . . . Successful Hack 412 | . 7 . . 24 . 34 18 . . 15 36 . 43 . . . . 18 33 . 42 8 74 18 42 Select Force Hacks 100 | . . . . . . . . . . 100 . . . . . . . . . . . . . . . Disable Machine 930 | . . . . 75 . 150 . . 30 15 90 . 105 . . . . 15 60 . 60 225 . 75 30 Anti-Garrison Action 200 | . . . . . . . . . . 200 . . . . . . . . . . . . . . . Destroy Structure 1388 | . . . . 58 . 198 63 7 3 14 58 94 264 . . . . 92 96 . 60 120 81 180 . Partial Spotted 315 | . . . . 45 . 15 15 . . 15 30 . 45 . . . . 45 45 . . 15 . 30 15 Lose Combat Pursuer 1875 | . 30 60 . 375 . 150 90 . . 15 165 . 345 30 15 . 75 120 135 . 45 15 15 90 105 Influence Decreases 10634 | . 125 227 . 641 261 413 932 366 309 327 548 671 1071 558 189 5 103 255 643 181 317 470 613 575 834 Entered New Map 2749 | . . 62 . . 181 6 229 126 149 117 348 457 38 216 11 . . 2 66 181 . 16 203 119 222 Time Decay 5862 | . 125 165 . 431 40 377 410 160 160 70 160 214 553 342 178 5 103 203 497 . 317 414 190 326 422 Search Patrol Dispatched 200 | . . . . 200 . . . . . . . . . . . . . . . . . . . . . Lost Part 790 | . . . . 10 20 30 120 20 . . 40 . 110 . . . . 40 . . . 20 60 130 190 Lost Ally 733 | . . . . . 20 . 173 60 . 140 . . 220 . . . . 10 80 . . 20 10 . . Purge Threat 300 | . . . . . . . . . . . . . 150 . . . . . . . . . 150 . . Squads Dispatched 96 | . 1 . . 12 . 15 3 . . 5 4 . 15 . . . . 7 5 . 7 5 2 8 7 Investigation 44 | . . . . 6 . 8 1 . . 4 4 . 9 . . . . 5 . . 4 . . . 3 Extermination 20 | . . . . 3 . 3 . . . . . . 3 . . . . 1 3 . . 2 1 3 1 Reinforcement 27 | . 1 . . 3 . 3 2 . . 1 . . 2 . . . . 1 2 . 3 3 1 2 3 Assault 1 | . . . . . . . . . . . . . 1 . . . . . . . . . . . . Garrison 4 | . . . . . . 1 . . . . . . . . . . . . . . . . . 3 . Intercept . | . . . . . . . . . . . . . . . . . . . . . . . . . . Searches Triggered 2 | . . . . 2 . . . . . . . . . . . . . . . . . . . . . Construction Impeded 3 | . . . . . . 1 1 . . . . . . . . . . . . . . 1 . . . Haulers Reinforced 1 | . . . . . . . . . . . . . . . . . . . . . . . . 1 . Active Scanning Responses . | . . . . . . . . . . . . . . . . . . . . . . . . . . Cargo Convoy Interrupts 1 | . . . . . . 1 . . . . . . . . . . . . . . . . . . . Stealth | -11 -10 -10 -8 -6 -6 -6 -6 -6 -6 -6 -5 -5 -5 -5 -5 -5 -4 -4 -4 -4 -3 -3 -2 -2 -2 --------- Run | Yrd Mat Sub Scr Fac Was Fac Ext Cet Arc Hub Fac Was Fac Upp Upp Zhi Pro Fac Arm Lab Res Tes Res Qua Frg Distress Signals 28 | . . . . 1 . 3 . 2 . 1 2 . . . . . . . 1 . 5 1 2 1 9 Communications Jammed 69 | . . . . . . . . . . . . . . . . . . . 31 . 3 3 3 5 24 Distress Signals 69 | . . . . . . . . . . . . . . . . . . . 31 . 3 3 3 5 24 Times Spotted 486 | . 13 6 . 48 6 26 32 6 7 11 27 6 59 2 5 . 7 27 23 . 26 21 15 32 81 Peak Tracking Total 20 | . 7 4 . 8 6 5 9 5 . 8 11 3 12 2 4 . 4 14 7 . 4 4 4 7 20 Tactical Retreats 71 | . 1 2 . 13 . 6 4 . . 1 5 1 10 1 1 . 3 6 4 . 2 1 1 4 5 Traps | -11 -10 -10 -8 -6 -6 -6 -6 -6 -6 -6 -5 -5 -5 -5 -5 -5 -4 -4 -4 -4 -3 -3 -2 -2 -2 ------- Run | Yrd Mat Sub Scr Fac Was Fac Ext Cet Arc Hub Fac Was Fac Upp Upp Zhi Pro Fac Arm Lab Res Tes Res Qua Frg Traps Triggered 25 | . . 2 . 1 . 4 7 . . . 1 . 3 . . . . 2 1 . 1 . 2 . 1 Indirectly . | . . . . . . . . . . . . . . . . . . . . . . . . . . Trap Hack Attempts . | . . . . . . . . . . . . . . . . . . . . . . . . . . Triggered . | . . . . . . . . . . . . . . . . . . . . . . . . . . Disarmed . | . . . . . . . . . . . . . . . . . . . . . . . . . . Reprogrammed . | . . . . . . . . . . . . . . . . . . . . . . . . . . Reused . | . . . . . . . . . . . . . . . . . . . . . . . . . . Traps Extracted . | . . . . . . . . . . . . . . . . . . . . . . . . . . Installed . | . . . . . . . . . . . . . . . . . . . . . . . . . . Triggered . | . . . . . . . . . . . . . . . . . . . . . . . . . . Most Traps Carried 1 | . . 1 1 . . . . . . . . . . . . . . . . . . . . . . Machines | -11 -10 -10 -8 -6 -6 -6 -6 -6 -6 -6 -5 -5 -5 -5 -5 -5 -4 -4 -4 -4 -3 -3 -2 -2 -2 ---------- Run | Yrd Mat Sub Scr Fac Was Fac Ext Cet Arc Hub Fac Was Fac Upp Upp Zhi Pro Fac Arm Lab Res Tes Res Qua Frg Machines Disabled 71 | . . 1 . 5 . 10 . . 2 1 6 . 7 . . 2 . 1 4 1 4 19 . 5 3 Max in Single Turn 6 | . . 1 . 3 . 3 . . . . 6 . 3 . . 1 . 1 1 1 1 2 . 1 1 Garrison Access 10 | . . . . 1 . . . . . 1 1 . 2 . . . . 1 . . 2 1 1 . . Network Hub 2 | . . . . . . . . . . 2 . . . . . . . . . . . . . . . Machines Repaired . | . . . . . . . . . . . . . . . . . . . . . . . . . . Machines Dismantled . | . . . . . . . . . . . . . . . . . . . . . . . . . . Machines Sabotaged 2 | . . . . . . . . . . 2 . . . . . . . . . . . . . . . Overloaded Fab Kills . | . . . . . . . . . . . . . . . . . . . . . . . . . . Hacking | -11 -10 -10 -8 -6 -6 -6 -6 -6 -6 -6 -5 -5 -5 -5 -5 -5 -4 -4 -4 -4 -3 -3 -2 -2 -2 --------- Run | Yrd Mat Sub Scr Fac Was Fac Ext Cet Arc Hub Fac Was Fac Upp Upp Zhi Pro Fac Arm Lab Res Tes Res Qua Frg Machines Accessed 108 | . 1 1 1 12 . 14 7 . . 5 7 . 16 . 2 4 . 12 4 . 7 4 4 1 6 Terminals 45 | . 1 . . 4 . 4 7 . . 4 2 . 4 . . . . 6 4 . 2 3 2 1 1 Fabricators 9 | . . . . . . 2 . . . . . . 3 . . . . . . . . . . . 4 Repair Stations 2 | . . . . 1 . . . . . . . . . . . . . . . . . . 1 . . Recycling Units 29 | . . . . 6 . 5 . . . . 4 . 6 . . . . 5 . . 2 . . . 1 Scanalyzers 3 | . . . . . . 1 . . . . . . 1 . . . . . . . 1 . . . . Garrison Access 12 | . . . . 1 . 2 . . . 1 1 . 2 . . . . 1 . . 2 1 1 . . Total Hacks 303 | . 3 1 1 27 . 37 13 . . 12 15 . 41 . 5 16 . 32 18 . 23 9 23 3 24 Successful 158 | . 1 1 1 18 . 16 4 . . 7 10 . 22 . 5 16 . 15 8 . 14 5 9 1 5 Failed 143 | . 2 . . 9 . 21 9 . . 5 5 . 18 . . . . 17 10 . 8 4 14 2 19 Catastrophic 28 | . . . . 1 . 4 2 . . 1 1 . 3 . . . . 1 2 . 3 4 3 1 2 Database Lockouts 2 | . . . . . . . . . . . . . 1 . . . . . . . 1 . . . . Manual 130 | . 3 . . 13 . 18 . 1 . 8 6 . 17 . . . . 26 6 . 10 4 11 2 5 Terminals 162 | . 3 . . 11 . 17 13 . . 9 7 . 16 . . . . 22 18 . 10 8 21 3 4 Fabricators 36 | . . . . . . 6 . . . . . . 11 . . . . . . . . . . . 19 Repair Stations 7 | . . . . 6 . . . . . . . . . . . . . . . . . . 1 . . Recycling Units 38 | . . . . 8 . 5 . . . . 6 . 7 . . . . 9 . . 2 . . . 1 Scanalyzers 19 | . . . . . . 6 . . . . . . 4 . . . . . . . 9 . . . . Garrison Access 18 | . . . . 2 . 3 . . . 3 2 . 3 . . . . 1 . . 2 1 1 . . Terminal Hacks 74 | . 1 1 1 5 . 5 4 . . 2 3 . 4 . 5 16 . 7 7 . 3 4 6 . . Record 8 | . . . . . . . . . . . . . . . 4 4 . . . . . . . . . Part Schematic 9 | . 1 . . . . 1 . . . . . . . . . 4 . . 1 . . . 2 . . Robot Analysis 4 | . . . . . . . . . . . . . . . . 4 . . . . . . . . . Prototype ID Bank 9 | . . . . 1 . 1 . . . . . . . . . 4 . 1 . . 1 1 . . . Open Door 7 | . . . . . . . 4 . . . . . . . 1 . . . 1 . . 1 . . . Level Access Points 1 | . . . . . . . . . . 1 . . . . . . . . . . . . . . . Branch Access Points 7 | . . . . 1 . 1 . . . . 1 . 1 . . . . 1 . . 1 . 1 . . Machine Index 2 | . . . . . . . . . . . . . 1 . . . . . . . . 1 . . . Terminal Index 3 | . . . . . . . . . . . . . 1 . . . . . . . 1 . 1 . . Recycling Unit Index 2 | . . . . . . 1 . . . . . . . . . . . 1 . . . . . . . Unreport Threat 2 | . . . . . . . . . . . . . 1 . . . . . . . . . 1 . . Locate Traps 6 | . . . . 1 . . . . . . 2 . . . . . . . 2 . . 1 . . . Recall Reinforcements 1 | . . . . . . . . . . . . . . . . . . 1 . . . . . . . Registered Components 1 | . . . . 1 . . . . . . . . . . . . . . . . . . . . . Registered Prototypes 1 | . . . . . . . . . . . . . . . . . . . 1 . . . . . . Zone Layout 9 | . . . . 1 . 1 . . . 1 . . . . . . . 3 2 . . . 1 . . Proto ID Catalog 2 | . . 1 1 . . . . . . . . . . . . . . . . . . . . . . Fabricator Hacks 11 | . . . . . . 2 . . . . . . 5 . . . . . . . . . . . 4 Network Status 1 | . . . . . . 1 . . . . . . . . . . . . . . . . . . . Load Schematic 6 | . . . . . . . . . . . . . 4 . . . . . . . . . . . 2 Build 4 | . . . . . . 1 . . . . . . 1 . . . . . . . . . . . 2 Repair Station Hacks 5 | . . . . 5 . . . . . . . . . . . . . . . . . . . . . Scan Component 3 | . . . . 3 . . . . . . . . . . . . . . . . . . . . . Repair 2 | . . . . 2 . . . . . . . . . . . . . . . . . . . . . Recycling Unit Hacks 3 | . . . . 1 . . . . . . 2 . . . . . . . . . . . . . . Retrieve Components 3 | . . . . 1 . . . . . . 2 . . . . . . . . . . . . . . Scanalyzer 11 | . . . . . . 2 . . . . . . 2 . . . . . . . 7 . . . . Insert Component 6 | . . . . . . 1 . . . . . . 1 . . . . . . . 4 . . . . Analyze 1 | . . . . . . 1 . . . . . . . . . . . . . . . . . . . Retrieve Study 4 | . . . . . . . . . . . . . 1 . . . . . . . 3 . . . . Garrison Access Hacks 9 | . . . . 1 . . . . . . 1 . 2 . . . . 1 . . 2 1 1 . . Seal Access 9 | . . . . 1 . . . . . . 1 . 2 . . . . 1 . . 2 1 1 . . Unauthorized Hacks 45 | . . . . 6 . 7 . . . 5 4 . 9 . . . . 7 1 . 2 . 2 1 1 Terminals 10 | . . . . . . . . . . 4 . . . . . . . 2 1 . . . 2 1 . Track 4 | . . . . . . . . . . 1 . . . . . . . 1 1 . . . . 1 . Assimilate 2 | . . . . . . . . . . . . . . . . . . 1 . . . . 1 . . Botnet 1 | . . . . . . . . . . . . . . . . . . . . . . . 1 . . Sabotage 3 | . . . . . . . . . . 3 . . . . . . . . . . . . . . . Fabricators 5 | . . . . . . 2 . . . . . . 3 . . . . . . . . . . . . Prioritize 2 | . . . . . . 1 . . . . . . 1 . . . . . . . . . . . . Haulers 1 | . . . . . . 1 . . . . . . . . . . . . . . . . . . . Recompile 2 | . . . . . . . . . . . . . 2 . . . . . . . . . . . . Repair Stations . | . . . . . . . . . . . . . . . . . . . . . . . . . . Recycling Units 29 | . . . . 6 . 5 . . . . 4 . 6 . . . . 5 . . 2 . . . 1 Fedlink 29 | . . . . 6 . 5 . . . . 4 . 6 . . . . 5 . . 2 . . . 1 Scanalyzers . | . . . . . . . . . . . . . . . . . . . . . . . . . . Garrison Access 1 | . . . . . . . . . . 1 . . . . . . . . . . . . . . . Jam 1 | . . . . . . . . . . 1 . . . . . . . . . . . . . . . Data Cores Recovered . | . . . . . . . . . . . . . . . . . . . . . . . . . . Used . | . . . . . . . . . . . . . . . . . . . . . . . . . . Hacking Detections 48 | . 1 . . 3 . 8 5 1 . 3 2 . 7 . . . . 4 3 . 2 2 1 1 5 Full Trace Events 5 | . . . . . . 1 1 . . . . . 1 . . . . . . . . . . . 2 Feedback Events . | . . . . . . . . . . . . . . . . . . . . . . . . . . Feedback Blocked . | . . . . . . . . . . . . . . . . . . . . . . . . . . Robot Schematics Acquired 1 | . . . . . . . . . . . . . . . . . . . . . . 1 . . . Robots Built . | . . . . . . . . . . . . . . . . . . . . . . . . . . Authchips . | . . . . . . . . . . . . . . . . . . . . . . . . . . Time . | . . . . . . . . . . . . . . . . . . . . . . . . . . Total Robot Build Rating . | . . . . . . . . . . . . . . . . . . . . . . . . . . Part Schematics Acquired 12 | . 1 . . . . 2 . . . . . . . . . 4 . . 1 . . 2 2 . . Parts Built 8 | . . . . . . 2 . . . . . . 2 . . . . . . . . . . . 4 Authchips 1 | . . . . . . . . . . . . . 1 . . . . . . . . . . . . Time 276 | . . . . . . 128 . . . . . . 64 . . . . . . . . . . . 84 Total Part Build Rating 64 | . . . . . . 16 . . . . . . 16 . . . . . . . . . . . 32 Part Studies Acquired 3 | . . . . . . . . . . . . . . . . . . . . . 3 . . . . Parts Repaired 2 | . . . . 2 . . . . . . . . . . . . . . . . . . . . . Time 108 | . . . . 108 . . . . . . . . . . . . . . . . . . . . . Parts Recycled . | . . . . . . . . . . . . . . . . . . . . . . . . . . Recycled Matter . | . . . . . . . . . . . . . . . . . . . . . . . . . . Retrieved Matter . | . . . . . . . . . . . . . . . . . . . . . . . . . . Retrieved Components 3 | . . . . . . . . . . . 3 . . . . . . . . . . . . . . Parts Scanalyzed 1 | . . . . . . 1 . . . . . . . . . . . . . . . . . . . Part Schematics Acquired 1 | . . . . . . 1 . . . . . . . . . . . . . . . . . . . Parts Damaged . | . . . . . . . . . . . . . . . . . . . . . . . . . . Bothacking | -11 -10 -10 -8 -6 -6 -6 -6 -6 -6 -6 -5 -5 -5 -5 -5 -5 -4 -4 -4 -4 -3 -3 -2 -2 -2 ------------ Run | Yrd Mat Sub Scr Fac Was Fac Ext Cet Arc Hub Fac Was Fac Upp Upp Zhi Pro Fac Arm Lab Res Tes Res Qua Frg Used RIF Installer . | . . . . . . . . . . . . . . . . . . . . . . . . . . Robots Hacked 4 | . . . . 1 . . 2 . . 1 . . . . . . . . . . . . . . . Non-combat 4 | . . . . 1 . . 2 . . 1 . . . . . . . . . . . . . . . Combat . | . . . . . . . . . . . . . . . . . . . . . . . . . . Robot Hacks Applied 4 | . . . . 1 . . 2 . . 1 . . . . . . . . . . . . . . . no_distress 3 | . . . . . . . 2 . . 1 . . . . . . . . . . . . . . . find_chute 1 | . . . . 1 . . . . . . . . . . . . . . . . . . . . . Relay Couplers Released 1 | . . . . . . . . . . 1 . . . . . . . . . . . . . . . Machine Destruction 1 | . . . . . . . . . . 1 . . . . . . . . . . . . . . . Fabnet Peak Effective % . | . . . . . . . . . . . . . . . . . . . . . . . . . . Robots Rewired 23 | . . . . . . . 18 . . . . . . . . . . . 4 . . 1 . . . Allies Hacked 1 | . . . . . . . . . . . . . . . . . . . 1 . . . . . . Hacks Repelled . | . . . . . . . . . . . . . . . . . . . . . . . . . . Allies | -11 -10 -10 -8 -6 -6 -6 -6 -6 -6 -6 -5 -5 -5 -5 -5 -5 -4 -4 -4 -4 -3 -3 -2 -2 -2 -------- Run | Yrd Mat Sub Scr Fac Was Fac Ext Cet Arc Hub Fac Was Fac Upp Upp Zhi Pro Fac Arm Lab Res Tes Res Qua Frg Total Allies 55 | . . . . . 1 . 23 5 . . . 19 . . . . . 1 4 . . 1 1 . . Largest Group 19 | . . . . . 1 . 11 11 8 8 . 19 12 . . . . 1 3 . . 1 1 . . Highest-Rated Group 707 | . . . . . 31 . 434 707 556 539 . 684 461 . . . . 45 90 . . 149 26 . . Highest-Rated Ally 159 | . . . . . 31 . 159 159 96 96 . 50 50 . . . . 45 56 . . 149 26 . . Total Orders 4 | . . . . . . . . . 2 . . . . . . . . . 2 . . . . . . STAY 2 | . . . . . . . . . 1 . . . . . . . . . 1 . . . . . . FOLLOW 2 | . . . . . . . . . 1 . . . . . . . . . 1 . . . . . . Ally Attacks 379 | . . . . . 2 . 56 41 26 55 . 105 82 . . . . . 10 . . 2 . . . Total Damage 11411 | . . . . . 42 . 1479 790 958 1823 . 4180 1649 . . . . . 419 . . 71 . . . Kills 50 | . . . . . . . 9 6 4 10 . 11 9 . . . . . 1 . . . . . . Allies Corrupted 7 | . . . . . . . . . . 5 . . . . . . . . 2 . . . . . . Allies Melted 2 | . . . . . . . 1 . . . . . 1 . . . . . . . . . . . . Intel | -11 -10 -10 -8 -6 -6 -6 -6 -6 -6 -6 -5 -5 -5 -5 -5 -5 -4 -4 -4 -4 -3 -3 -2 -2 -2 ------- Run | Yrd Mat Sub Scr Fac Was Fac Ext Cet Arc Hub Fac Was Fac Upp Upp Zhi Pro Fac Arm Lab Res Tes Res Qua Frg Active Infowar (turns) 12254 | . . . 210 1296 82 1202 392 . 1 . . . 1528 779 1197 296 199 268 1447 264 792 1033 389 565 314 Optics 448 | . . . 210 238 . . . . . . . . . . . . . . . . . . . . . Sensors 10973 | . . . . 1058 82 1202 392 . . . . . 1528 779 1197 296 199 267 1421 258 782 1030 388 94 . Terrain 2248 | . . . . . . . . . 1 . . . . . . . . . . . 740 1033 182 190 102 Cloaking 232 | . . . . . . . . . . . . . . . . . . . . . . 14 88 129 1 Jamming 4354 | . . . . . . . . . . . . . . . . . . 1 1218 264 780 1022 389 375 305 ECM 1 | . . . . . . . . . . . . . . . . . . . . . . . . . 1 Robot Analysis Total 4 | . . . . . . . . . . . . . . . . 4 . . . . . . . . . Derelict Logs Recovered 10 | . . 2 5 . . . . . . . . . . 1 . . 2 . . . . . . . . Drone Launches . | . . . . . . . . . . . . . . . . . . . . . . . . . . Drone Recoveries . | . . . . . . . . . . . . . . . . . . . . . . . . . . Exploration | -11 -10 -10 -8 -6 -6 -6 -6 -6 -6 -6 -5 -5 -5 -5 -5 -5 -4 -4 -4 -4 -3 -3 -2 -2 -2 ------------- Run | Yrd Mat Sub Scr Fac Was Fac Ext Cet Arc Hub Fac Was Fac Upp Upp Zhi Pro Fac Arm Lab Res Tes Res Qua Frg Turns Passed 27223 | 34 579 3658 6765 1658 82 1279 1061 331 329 156 325 450 1618 779 1197 296 401 527 1461 264 792 1033 389 734 1025 Spaces Moved 18149 | 38 249 1263 1349 1633 119 1522 942 209 262 163 409 298 1755 366 566 165 552 643 1032 231 1040 890 500 642 1311 Core 261 | 37 223 . . . . . . . . . 1 . . . . . . . . . . . . . . Treads 2443 | 1 26 1263 1153 . . . . . . . . . . . . . . . . . . . . . . Legs . | . . . . . . . . . . . . . . . . . . . . . . . . . . Wheels 292 | . . . 196 96 . . . . . . . . . . . . . . . . . . . . . Hover 15153 | . . . . 1537 119 1522 942 209 262 163 408 298 1755 366 566 165 552 643 1032 231 1040 890 500 642 1311 Flight . | . . . . . . . . . . . . . . . . . . . . . . . . . . Fastest Speed 44 | 50 50 160 100 61 61 55 55 63 58 58 49 49 49 61 61 61 61 46 44 45 45 45 45 45 45 Average Speed 109 | 52 205 283 497 69 61 56 63 89 82 58 62 52 55 61 61 61 61 49 60 45 45 68 47 63 54 Slowest Speed 950 | 160 300 560 560 175 62 116 126 132 124 58 950 109 121 61 61 61 61 61 360 45 45 145 145 154 148 Overloaded Moves . | . . . . . . . . . . . . . . . . . . . . . . . . . . Propulsion Burnouts . | . . . . . . . . . . . . . . . . . . . . . . . . . . Robots Hopped . | . . . . . . . . . . . . . . . . . . . . . . . . . . Potential Cave-ins 4 | . . . . . . . . . . . . . 2 . 2 . . . . . . . . . . Cave-ins Triggered 2 | . . . . . . . . . . . . . 1 . . . . . . . . . . 1 . Teleports 2 | . . . . . . . . . . . . . . . . . . . 1 . . . . . 1 Exploration Rate (%) 53 | 3 54 62 85 52 77 38 87 56 79 24 14 95 37 56 55 60 58 26 47 87 33 69 19 63 42 Regions Visited 25 Branch Regions 15 Pre-discovered Areas 5 | . . . 1 1 . . . . . . . . . . . 3 . . . . . . . . . Known Exits Taken 17 | . . . . . . 1 1 1 1 1 . . 1 1 1 1 1 1 1 1 1 1 1 1 . Unknown Exits Taken 4 | 1 1 1 1 . . . . . . . . . . . . . . . . . . . . . . Scrap Searched 13 | . . 7 2 . . . . . . . . . . 1 1 . 2 . . . . . . . . Spaces Dug 325 | . . . . 34 . 79 . . . 5 40 . 33 . 40 . 1 41 14 . 14 11 6 7 . Terrain Destroyed 1079 | . . . . 59 . 252 150 5 . 5 45 44 127 . 75 . 8 48 59 . 32 66 27 76 1 Melee 85 | . . . . 22 . 24 . . . 5 5 . 29 . . . . . . . . . . . . Projectile 217 | . . . . 4 . 8 5 . . . . 1 18 . 50 . 8 24 28 . 31 21 8 10 1 AOE 697 | . . . . 33 . 220 145 5 . . 40 43 80 . 25 . . 24 27 . . . . 55 . Terrain Rammed . | . . . . . . . . . . . . . . . . . . . . . . . . . . Walls Destroyed . | . . . . . . . . . . . . . . . . . . . . . . . . . . Machines Disabled . | . . . . . . . . . . . . . . . . . . . . . . . . . . Actions | -11 -10 -10 -8 -6 -6 -6 -6 -6 -6 -6 -5 -5 -5 -5 -5 -5 -4 -4 -4 -4 -3 -3 -2 -2 -2 --------- Run | Yrd Mat Sub Scr Fac Was Fac Ext Cet Arc Hub Fac Was Fac Upp Upp Zhi Pro Fac Arm Lab Res Tes Res Qua Frg Total 24170 | 49 288 1317 1421 2075 126 1832 1308 319 361 209 463 580 2276 919 1337 353 602 817 1733 386 1238 1183 589 859 1530 Wait 4090 | 2 1 10 . 293 6 183 166 72 64 35 11 268 372 550 696 161 23 114 490 120 86 155 23 72 117 Move 18127 | 37 248 1262 1348 1633 118 1521 941 208 261 162 409 297 1755 365 565 164 551 642 1031 230 1039 889 499 641 1311 Hop . | . . . . . . . . . . . . . . . . . . . . . . . . . . Pick Up 195 | 4 5 22 37 17 . 5 12 3 7 . 8 2 9 1 . 3 4 4 13 12 5 9 1 5 7 Fast Attach 142 | 5 2 1 2 16 2 14 8 3 2 . 2 . 15 1 1 5 4 8 9 2 1 10 3 5 21 Attach 98 | . 1 . 4 7 . 3 14 3 1 1 4 2 5 1 1 2 3 4 2 . 4 7 1 17 11 Detach 21 | 1 . . . . . . 1 1 1 . . . . . . 1 . 2 . . . 2 1 5 6 Swap 131 | . 4 1 . 18 . 16 10 1 2 . 2 4 26 . 4 4 2 7 13 2 4 1 3 5 2 Drop 220 | . 8 5 30 29 . 14 2 3 10 . 6 1 19 . . 7 6 7 23 12 5 21 4 4 4 Fire 770 | . 19 13 . 20 . 25 45 12 . . 5 4 32 1 70 6 9 28 124 8 81 77 39 105 47 Melee 236 | . . 3 . 42 . 51 47 13 13 11 14 2 39 . . . . 1 . . . . . . . Ram 9 | . . . . . . . . . . . 2 . 4 . . . . . 1 . . . 2 . . Kick . | . . . . . . . . . . . . . . . . . . . . . . . . . . Crush . | . . . . . . . . . . . . . . . . . . . . . . . . . . Escape Stasis 92 | . . . . . . . 62 . . . . . . . . . . . . . 13 . 13 . 4 Rewire 39 | . . . . . . . . . . . . . . . . . . . 27 . . 12 . . . Trap . | . . . . . . . . . . . . . . . . . . . . . . . . . . Miscellaneous . | . . . . . . . . . . . . . . . . . . . . . . . . . . Route ------- -11/Scrapyard -10/Materials (discovered 3 exits: [*Mat] / [*Min] / *Sub) -10/Subcaves (discovered 3 exits: [*Mat] / [*Rec] / *Scr) -8/Scraptown (discovered 2 exits: *Fac x2) -6/Factory (discovered 5 exits: *Fac / *Low x2 / *Ext x2) -6/Waste -6/Factory (discovered 5 exits: *Fac / *Low x2 / *Ext x2) -6/Extension (discovered 2 exits: *Fac / *Cet) -6/Cetus (discovered 2 exits: *Fac / *Arc) -6/Archives (discovered 3 exits: *Fac / *Hub x2) -6/Hub_04(d) (discovered 4 exits: *Fac x4) -5/Factory (discovered 2 exits: Upp x2) -5/Waste -5/Factory (discovered 3 exits: *Fac / *Upp x2) -5/Upper Caves -5/Upper Caves (discovered 2 exits: *Fac / *Zhi) -5/Zhirov -4/Proximity Caves -4/Factory (discovered 3 exits: *Upp x2 / *Arm) -4/Armory (discovered 2 exits: Res / *Lab) -4/Lab -3/Research (discovered 5 exits: *Res x3 / *Tes x2) -3/Testing -2/Research (discovered 2 exits: *Qua x2) -2/Quarantine (discovered 3 exits: [Acc] / [*Sec] / *Frg) -2/Protoforge History --------- Turn | Location | Event 20 | -11/Scrapyard | Discovered new exit (range 15) 35 | -11/Scrapyard | Entered Materials 193 | -10/Materials | Discovered new exit (range 12) 316 | -10/Materials | Build established: Mutant 425 | -10/Materials | Discovered new exit (range 16) 603 | -10/Materials | Discovered new exit (range 8) 614 | -10/Materials | Entered Subcaves 615 | -10/Subcaves | Approached by a straggling Scientist 1191 | -10/Subcaves | Discovered new exit (range 13) 1409 | -10/Subcaves | Scientist uncovered a shortcut to Scraptown 1611 | -10/Subcaves | Discovered new exit (range 10) 1824 | -10/Subcaves | Learned 4 Materials zone layouts 1827 | -10/Subcaves | Learned location of 1 exit from Materials 2373 | -10/Subcaves | Build established: Hauler-Mutant 2491 | -10/Subcaves | A swath of the cavern ceiling suddenly collapsed 3311 | -10/Subcaves | Visited 4L-MR0's lab 3356 | -10/Subcaves | Found Gun Armor 4272 | -10/Subcaves | Entered Scraptown 5016 | -8/Scraptown | Visited UFD Registry 5016 | -8/Scraptown | Registered with UFD as "Microforce" 5386 | -8/Scraptown | Visited Science Testing Area 5464 | -8/Scraptown | Visited Scrapoid Research Area 5559 | -8/Scraptown | Visited Infowarlord's Domain 5643 | -8/Scraptown | Visited Science Guys 6339 | -8/Scraptown | Delivered Scrap Shield to a Scientist 6873 | -8/Scraptown | Visited Assassins FH 7035 | -8/Scraptown | Visited CPS Storage 7091 | -8/Scraptown | Visited Red Mages 7365 | -8/Scraptown | Visited SPCMW 7410 | -8/Scraptown | Visited Cyclists 7455 | -8/Scraptown | Entered Cyclist Reading Room 7601 | -8/Scraptown | Visited Fellowship of the Rings 7690 | -8/Scraptown | Visited The Evicted 7937 | -8/Scraptown | Scanned Subdweller tech in exchange for log data 7948 | -8/Scraptown | Learned Research stockpile data 7953 | -8/Scraptown | Learned 12 Research zone layouts 7959 | -8/Scraptown | Learned location of Extension (-6) 7965 | -8/Scraptown | Learned Research terminal intel 7970 | -8/Scraptown | Learned Factory trap positions 8021 | -8/Scraptown | Discovered new exit (range 13) 9564 | -8/Scraptown | Visited Chapter 10 9732 | -8/Scraptown | Visited Scrapoid Pod Storage 9810 | -8/Scraptown | Visited LU-1G1's Boring Crew 10359 | -8/Scraptown | Visited Research Penetration Think Tank 10493 | -8/Scraptown | Visited Junk Repository 10926 | -8/Scraptown | Found Exp. Terrain Scan Processor 10966 | -8/Scraptown | Met Optimus 10966 | -8/Scraptown | Accepted into 0bPrime 11032 | -8/Scraptown | Discovered new exit (range 3) 11037 | -8/Scraptown | Entered Factory 11037 | -6/Factory | Evolved 8 slots: Power x1, Propulsion x3, Utility x4 11038 | -6/Factory | Loaded intel: 117 trap records 11134 | -6/Factory | Build established: Mutant 11693 | -6/Factory | Loaded intel: 8 recycling unit locations 11712 | -6/Factory | Learned location of Protoforge (-2) 11978 | -6/Factory | Discovered new exit (range 6) 12061 | -6/Factory | Repaired Lgt. Deuterium Engine 12087 | -6/Factory | Search patrols dispatched 12132 | -6/Factory | Repaired Broken Magnetic Acceleration Cannon 12214 | -6/Factory | Identified exit to Lower Caves 12214 | -6/Factory | Identified exit to Extension 12437 | -6/Factory | Search patrols dispatched 12513 | -6/Factory | Build established: Hacker-Mutant 12685 | -6/Factory | Discovered new exit (range 9) 12695 | -6/Factory | Sucked down chute 12695 | -6/Factory | Entered Waste 12696 | -6/Waste | Met a frightened Derelict 12700 | -6/Waste | Spotted C-40 Crusher 12714 | -6/Waste | Spotted C-40 Crusher 12715 | -6/Waste | Spotted C-40 Crusher 12723 | -6/Waste | Crushed by Compactor (1 part destroyed, 1 dropped) 12744 | -6/Waste | Spotted C-40 Crusher 12752 | -6/Waste | Crushed by Compactor (1 part destroyed, 2 dropped) 12763 | -6/Waste | Spotted C-40 Crusher 12767 | -6/Waste | Discovered new exit (range 16) 12769 | -6/Waste | Spotted C-40 Crusher 12776 | -6/Waste | Identified exit to Factory 12777 | -6/Waste | Entered Factory 12822 | -6/Factory | Found Prototype Launcher 12822 | -6/Factory | Identified Rocket Array 12967 | -6/Factory | Fabricated Cmb. Antigrav System (x2) 13238 | -6/Factory | Loaded intel: 7 recycling unit locations 13583 | -6/Factory | Cargo convoy interrupted 13696 | -6/Factory | Garrison activated, responded to threat 13735 | -6/Factory | Discovered new exit (range 11) 13740 | -6/Factory | Identified exit to Factory 13842 | -6/Factory | Build established: Mutant 14056 | -6/Factory | Entered Extension 14071 | -6/Extension | Rescued a captive Derelict 14074 | -6/Extension | Rescued a captive Derelict 14183 | -6/Extension | Lost 6 parts (2p1n2u1w) 14282 | -6/Extension | Rescued a captive Derelict 14282 | -6/Extension | Rescued a captive Derelict 14364 | -6/Extension | Lost 3 parts (2n1u) 14481 | -6/Extension | Disrupted transfer network 14602 | -6/Extension | Spotted B-75 Beast 14635 | -6/Extension | Allies destroyed B-75 Beast 14637 | -6/Extension | Spotted B-75 Beast 14646 | -6/Extension | Core integrity fell below 50% 14681 | -6/Extension | Lost 9 allies 14701 | -6/Extension | Lost 7 parts (2p1n2u2w) 14728 | -6/Extension | Discovered exit to Factory (range 16) 14728 | -6/Extension | Discovered new exit (range 16) 14777 | -6/Extension | Rescued a captive Derelict 14807 | -6/Extension | Rescued A7 14820 | -6/Extension | Core integrity fell below 20% 15086 | -6/Extension | Identified exit to Cetus 15117 | -6/Extension | Entered Cetus 15117 | -6/Cetus | Accompanied by 11 allies (A7) 15122 | -6/Cetus | Acquired a Cetus Manufacturing Module code from A7 15150 | -6/Cetus | Spotted Cetus Guard 15150 | -6/Cetus | Allies destroyed Cetus Guard 15151 | -6/Cetus | Spotted Cetus Guard 15160 | -6/Cetus | Allies destroyed Cetus Guard 15185 | -6/Cetus | Lost 4 allies 15199 | -6/Cetus | Started Cetus Manufacturing Module 15206 | -6/Cetus | Discovered new exit (range 15) 15224 | -6/Cetus | Manufactured an Enhanced Grunt 15249 | -6/Cetus | Manufactured an Enhanced Grunt 15257 | -6/Cetus | Spotted Cetus Guard 15257 | -6/Cetus | Spotted Cetus Guard 15257 | -6/Cetus | Spotted Cetus Guard 15266 | -6/Cetus | Destroyed Cetus Guard 15266 | -6/Cetus | Destroyed Cetus Guard 15267 | -6/Cetus | Destroyed Cetus Guard 15274 | -6/Cetus | Manufactured an Enhanced Grunt 15274 | -6/Cetus | Discovered exit to Factory (range 15) 15281 | -6/Cetus | Met Revision 17 15294 | -6/Cetus | Lost 3 allies 15299 | -6/Cetus | Manufactured an Enhanced Grunt 15305 | -6/Cetus | Build established: Commander-Mutant 15324 | -6/Cetus | Manufactured an Enhanced Grunt 15386 | -6/Cetus | Murdered A7 15390 | -6/Cetus | Extracted ID and sensor layout for unrecognized location from A7's data core 15411 | -6/Cetus | Identified exit to Archives 15435 | -6/Cetus | Found Prototype Protection 15435 | -6/Cetus | Identified Med. Regenerative Plating 15448 | -6/Cetus | Entered Archives 15448 | -6/Archives | Accompanied by 8 allies 15524 | -6/Archives | Discovered new exit (range 14) 15539 | -6/Archives | Identified exit to Hub_04(d) 15595 | -6/Archives | Discovered exit to Factory (range 16) 15628 | -6/Archives | Discovered exit to Hub_04(d) (range 15) 15777 | -6/Archives | Entered Hub_04(d) 15777 | -6/Hub_04(d) | Accompanied by 8 allies 15868 | -6/Hub_04(d) | Network Hub disabled 15880 | -6/Hub_04(d) | Network Hub disabled 15880 | -6/Hub_04(d) | Spotted Lightning 15933 | -6/Hub_04(d) | Entered Factory 15933 | -5/Factory | Evolved 2 slots: Propulsion x1, Utility x1 15936 | -5/Factory | Lost 6 allies 15976 | -5/Factory | Loaded intel: 8 recycling unit locations 16030 | -5/Factory | Identified exit to Upper Caves 16038 | -5/Factory | Found Prototype Launcher 16038 | -5/Factory | Identified Mni. Smartbomb Launcher 16047 | -5/Factory | Found Tesla Bomb Launcher 16142 | -5/Factory | Destroyed 9 combat bots 16202 | -5/Factory | Build established: Scavenger-Mutant 16258 | -5/Factory | Sucked down chute 16258 | -5/Factory | Entered Waste 16270 | -5/Waste | Spotted C-40 Crusher 16276 | -5/Waste | Spotted C-40 Crusher 16296 | -5/Waste | Spotted C-40 Crusher 16304 | -5/Waste | Warlord forces began an assault 16341 | -5/Waste | Allies destroyed C-40 Crusher 16346 | -5/Waste | Destroyed C-40 Crusher 16349 | -5/Waste | Allies destroyed C-40 Crusher 16391 | -5/Waste | Spotted C-40 Crusher 16397 | -5/Waste | Allies destroyed C-40 Crusher 16424 | -5/Waste | Spotted C-40 Crusher 16432 | -5/Waste | Allies destroyed C-40 Crusher 16456 | -5/Waste | Lost 6 allies 16539 | -5/Waste | Build established: Hacker-Mutant 16552 | -5/Waste | Spotted C-40 Crusher 16558 | -5/Waste | Allies destroyed C-40 Crusher 16604 | -5/Waste | Discovered new exit (range 16) 16659 | -5/Waste | Identified exit to Factory 16708 | -5/Waste | Entered Factory 16708 | -5/Factory | Accompanied by 12 allies 16876 | -5/Factory | Central database locked down 16890 | -5/Factory | Loaded intel: 8 recycling unit locations 16981 | -5/Factory | Lost 4 allies 17024 | -5/Factory | Build established: Scavenger-Mutant 17540 | -5/Factory | Discovered new exit (range 3) 17542 | -5/Factory | Identified exit to Factory 17801 | -5/Factory | Fabricated Cmb. Antigrav System? 18107 | -5/Factory | Found Fusion Bomb Launcher 18110 | -5/Factory | Found Fusion Bomb Launcher 18208 | -5/Factory | First assault squad dispatched 18254 | -5/Factory | Crushed by falling debris 18285 | -5/Factory | Lost 3 parts (1p1n1w) 18326 | -5/Factory | Entered Upper Caves 18328 | -5/Upper Caves | UFD Scientist delivered a prototype 18329 | -5/Upper Caves | Found Prototype Protection 18361 | -5/Upper Caves | Learned Factory stockpile data 19072 | -5/Upper Caves | Discovered new exit (range 14) 19079 | -5/Upper Caves | Identified exit to Upper Caves 19105 | -5/Upper Caves | Entered another Upper Caves area 19139 | -5/Upper Caves | Discovered exit to Factory (range 7) 19175 | -5/Upper Caves | Core integrity fell below 50% 20164 | -5/Upper Caves | Entered an active Warlord outpost 20173 | -5/Upper Caves | Learned Factory garrison access intel 20173 | -5/Upper Caves | Learned Factory terminal intel 20173 | -5/Upper Caves | Learned Extension trap positions 20173 | -5/Upper Caves | Learned 8 Factory zone layouts 20283 | -5/Upper Caves | Discovered new exit (range 5) 20301 | -5/Upper Caves | Identified exit to Zhirov 20302 | -5/Upper Caves | Entered Zhirov 20446 | -5/Zhirov | Discovered new exit (range 3) 20457 | -5/Zhirov | Met Zhirov 20468 | -5/Zhirov | Learned location of Command (-1) 20468 | -5/Zhirov | Learned location of Testing (-3) 20468 | -5/Zhirov | Learned location of Quarantine (-2) 20473 | -5/Zhirov | Zhirov requested help retrieving the SGEMP Prototype 20485 | -5/Zhirov | Found Alien Artifact 20485 | -5/Zhirov | Identified Integrated Reactor 20485 | -5/Zhirov | Installed Integrated Reactor, increased core energy generation (+10) 20495 | -5/Zhirov | Found Alien Artifact 20515 | -5/Zhirov | Identified Enh. Scrap Shield 20597 | -5/Zhirov | Identified exit to Proximity Caves 20598 | -5/Zhirov | Entered Proximity Caves 20686 | -4/Proximity Caves | Learned Research terminal intel 20706 | -4/Proximity Caves | Learned location of 1 exit from Research 20831 | -4/Proximity Caves | Lost 4 parts (1n1u2w) 20994 | -4/Proximity Caves | Discovered exit to Factory (range 3) 20999 | -4/Proximity Caves | Entered Factory 20999 | -4/Factory | Evolved 2 slots: Utility x2 21002 | -4/Factory | Loaded intel: 26 terminal locations 21003 | -4/Factory | Loaded intel: 4 garrison access locations 21203 | -4/Factory | Discovered new exit (range 17) 21210 | -4/Factory | Loaded intel: 8 recycling unit locations 21321 | -4/Factory | Identified exit to Upper Caves 21321 | -4/Factory | Identified exit to Armory 21516 | -4/Factory | Spotted B-86 Titan 21526 | -4/Factory | Entered Armory 21556 | -4/Armory | Lost 3 parts (1p1n1w) 21850 | -4/Armory | Build established: Hacker-Mutant 22571 | -4/Armory | Identified Transdimensional Reconstructor 22571 | -4/Armory | Warped through subspace to slip node 22571 | -4/Armory | Discovered new exit (range 1) 22571 | -4/Armory | Identified exit to Lab 22924 | -4/Armory | Discovered new exit (range 18) 22987 | -4/Armory | Entered Lab 22990 | -4/Lab | Discovered new exit (range 9) 22994 | -4/Lab | Identified exit to Research 22995 | -4/Lab | Hidden lab's door opened automatically 22995 | -4/Lab | Sensor layout match revealed 22996 | -4/Lab | Gained access to the hidden lab's interior 23007 | -4/Lab | Found Alien Artifact 23016 | -4/Lab | Lost 3 allies 23040 | -4/Lab | Found Alien Artifact 23044 | -4/Lab | Found Integrated Reactor 23044 | -4/Lab | Installed Integrated Reactor, increased core energy generation (+10) 23063 | -4/Lab | Found Transdimensional Reconstructor 23133 | -4/Lab | Found Prototype Energy Cannon 23136 | -4/Lab | Found Prototype Protection 23138 | -4/Lab | Found Prototype Hackware 23251 | -4/Lab | Entered Research 23251 | -3/Research | Evolved 2 slots: Utility x2 23251 | -3/Research | Identified Core Expander 23251 | -3/Research | Installed Core Expander, added new Weapon slot 23252 | -3/Research | Identified exit to Testing 23253 | -3/Research | Identified exit to Research 23255 | -3/Research | Loaded intel: 21 terminal locations 23337 | -3/Research | Central database locked down 23386 | -3/Research | Loaded intel: 5 recycling unit locations 23451 | -3/Research | Revision forces began assault on 0b10 23493 | -3/Research | Met up with Revision 17++ 23540 | -3/Research | Identified Exp. Powered Armor 23540 | -3/Research | Identified Quantum Router 23606 | -3/Research | Build established: Hacker-Scout 23866 | -3/Research | Discovered exit to Research (range 13) 23938 | -3/Research | Discovered exit to Research (range 12) 23951 | -3/Research | Research terminal network offline 24043 | -3/Research | Entered Testing 24072 | -3/Testing | Rewired PG-U3O7W6QHW6 24112 | -3/Testing | Spotted Alpha 7 24115 | -3/Testing | Found Prototype Ballistic Gun 24115 | -3/Testing | Identified Hyp. Multirail 24213 | -3/Testing | Found Prototype Device 24213 | -3/Testing | Identified AEGIS Remote Shield 24261 | -3/Testing | Found Prototype Device 24261 | -3/Testing | Identified 2N-1CE's Frost Array 24375 | -3/Testing | Found Prototype Ballistic Cannon 24463 | -3/Testing | Discovered exit to Research (range 17) 24502 | -3/Testing | Identified Omega Cannon 24659 | -3/Testing | Found Prototype Ballistic Cannon 24661 | -3/Testing | Identified Perforator 24867 | -3/Testing | Scanned by Researcher 25063 | -3/Testing | Found Prototype Protection 25076 | -3/Testing | Entered Research 25076 | -2/Research | Evolved 2 slots: Power x1, Weapon x1 25077 | -2/Research | Loaded intel: 20 terminal locations 25332 | -2/Research | Identified exit to Quarantine 25465 | -2/Research | Entered Quarantine 25495 | -2/Quarantine | Lost 5 parts (1p3u1w) 25513 | -2/Quarantine | Spotted Alpha 7 25594 | -2/Quarantine | Identified SHELL Armor 25650 | -2/Quarantine | Destroyed 7 combat bots 25753 | -2/Quarantine | Build established: Hacker-Mutant 25802 | -2/Quarantine | Destroyed Alpha 7 25987 | -2/Quarantine | Cryocooling Duct disabled 25990 | -2/Quarantine | Garrison activated, responded to threat 26002 | -2/Quarantine | Ambient heat levels rising (+20) 26002 | -2/Quarantine | Non-combat units ordered to evacuate 26036 | -2/Quarantine | Lost 3 parts (1p1n1w) 26111 | -2/Quarantine | Crushed by falling debris 26138 | -2/Quarantine | Discovered new exit (range 22) 26142 | -2/Quarantine | Lost 7 parts (2p3n2u) 26158 | -2/Quarantine | Spotted Fortress 26186 | -2/Quarantine | Discovered new exit (range 22) 26189 | -2/Quarantine | Discovered new exit (range 16) 26195 | -2/Quarantine | Identified exit to Protoforge 26199 | -2/Quarantine | Entered Protoforge 26230 | -2/Protoforge | Spotted Hotshot 26250 | -2/Protoforge | Spotted Hotshot 26250 | -2/Protoforge | Spotted Hotshot 26299 | -2/Protoforge | Spotted Hotshot 26339 | -2/Protoforge | Superfortress began startup sequence 26372 | -2/Protoforge | Spotted Hotshot 26372 | -2/Protoforge | Spotted Hotshot 26373 | -2/Protoforge | Spotted AP7-3 26376 | -2/Protoforge | Spotted AP7-3 26386 | -2/Protoforge | Core integrity fell below 50% 26391 | -2/Protoforge | Spotted EXE-6 26391 | -2/Protoforge | Spotted SKR-2 26391 | -2/Protoforge | Spotted SKR-2 26391 | -2/Protoforge | Spotted SKR-2 26395 | -2/Protoforge | Spotted EXE-6 26411 | -2/Protoforge | UFD initiated attack on Protoforge 26411 | -2/Protoforge | Loaded intel: 3 recycling unit locations 26427 | -2/Protoforge | Lost 3 parts (1n1u1w) 26454 | -2/Protoforge | Optimus greeted in Protoforge 26459 | -2/Protoforge | Found Prototype Ballistic Gun 26459 | -2/Protoforge | Identified Cep. XC Strikerail 26471 | -2/Protoforge | Found Prototype Device 26471 | -2/Protoforge | Identified Exp. ECM Suite 26477 | -2/Protoforge | Found Prototype Processor 26477 | -2/Protoforge | Identified Exp. Core Analyzer 26481 | -2/Protoforge | Lost 7 allies 26481 | -2/Protoforge | Found Cep. XC Strikerail 26502 | -2/Protoforge | Forge Plexus network access discovered 26505 | -2/Protoforge | Found Exp. Core Analyzer 26509 | -2/Protoforge | Found Cep. XC Strikerail 26512 | -2/Protoforge | Found Exp. Armor Integrity Analyzer 26517 | -2/Protoforge | Spotted Decapitator 26519 | -2/Protoforge | Spotted Decapitator 26529 | -2/Protoforge | Spotted Decapitator 26588 | -2/Protoforge | Met 7R-MNS 26597 | -2/Protoforge | Fabricated Cmb. Antigrav System (x2) 26606 | -2/Protoforge | Fabricated Cmb. Antigrav System (x2) 26624 | -2/Protoforge | UFD reported confirmed Drillbomb installation 26692 | -2/Protoforge | Spotted Hotshot 26693 | -2/Protoforge | Destroyed Hotshot 26699 | -2/Protoforge | Spotted Hotshot 26700 | -2/Protoforge | Destroyed Hotshot 26700 | -2/Protoforge | Spotted Hotshot 26702 | -2/Protoforge | Spotted Hotshot 26706 | -2/Protoforge | Destroyed Hotshot 26710 | -2/Protoforge | Destroyed Hotshot 26759 | -2/Protoforge | Build established: Scavenger-Gunner 26774 | -2/Protoforge | Found Prototype Processor 26774 | -2/Protoforge | Identified Exp. Targeting Computer 26825 | -2/Protoforge | Lost 9 allies 26832 | -2/Protoforge | Attached CPS modules to Triborg. 26834 | -2/Protoforge | Attached CPS modules to 02F11-K. 26873 | -2/Protoforge | Spotted Decapitator 26874 | -2/Protoforge | Spotted Decapitator 26876 | -2/Protoforge | Spotted Decapitator 26876 | -2/Protoforge | Spotted Decapitator 26879 | -2/Protoforge | Warped through subspace 26989 | -2/Protoforge | System corruption reached 10% 26994 | -2/Protoforge | Destroyed Decapitator 27020 | -2/Protoforge | Spotted Hotshot 27031 | -2/Protoforge | Destroyed Hotshot 27034 | -2/Protoforge | Spotted Hotshot 27038 | -2/Protoforge | Spotted Hotshot 27049 | -2/Protoforge | Spotted Striker 27074 | -2/Protoforge | Spotted Executioner 27094 | -2/Protoforge | Spotted Hotshot 27171 | -2/Protoforge | Spotted Hotshot 27171 | -2/Protoforge | Spotted Hotshot 27171 | -2/Protoforge | Spotted Hotshot 27171 | -2/Protoforge | Spotted Hotshot 27172 | -2/Protoforge | Spotted Hotshot 27173 | -2/Protoforge | Spotted Hotshot 27181 | -2/Protoforge | Core integrity fell below 20% 27190 | -2/Protoforge | Spotted V256-u 27191 | -2/Protoforge | Spotted V766-w 27191 | -2/Protoforge | Spotted V269-w 27193 | -2/Protoforge | Spotted V401-j 27215 | -2/Protoforge | Destroyed V269-w 27224 | -2/Protoforge | Destroyed by V401-j with Heavy Quantum Rifle Last Messages --------------- 27215_ Slug penetrates V269-w. 27215_ V269-w suffers critical hit (Destroy). 27215_ V269-w destroyed. 27215_ Slug penetrates G-73 Enforcer. 27215_ G-73 Enforcer destroyed. 27216_ Machine disabled. 27217_ Slug penetrates Research Cell. 27217_ SHELL Armor destroyed. 27217_ Cmb. Linear Gravjet+ destroyed. 27217_ Cep. XC Strikerail destroyed. 27218_ Slug penetrates V401-j. 27220_ Cmb. Antigrav System destroyed. 27220_ Slug penetrates Research Cell. 27221_ Slug penetrates V401-j. 27223_ Cmb. Linear Gravjet+ destroyed. 27223_ Slug penetrates Research Cell. 27223_ Slug penetrates V401-j. 27223_ Slug penetrates G-73 Enforcer. 27224_ Slug penetrates H-88 Terminator. 27224_ Slug penetrates Research Cell. Map ----- +----------------------------------------------------+ | ?????????????????????????????????????????????????? | | ?????????????????????????????????????????????????? | | ?????????????????????????????????????????????????? | | ?????????????????????????????????????????????????? | | ?????????????????????????????????????????????????? | | ?????????????????????????????????????????????????? | | ?????????????????????????????????????????????????? | | ?????????????????????????????????????????????????? | | ?????????????????????????????????????????????????? | | ??????????????????????"???##?????????????????????? | | !!?!?!?!?????????????" "?? ??????????????????!? | | ?!!?!????????????????" ? ????????????????!?! | | ?????????????????????" ? ??????????????????? | | ?????????????????????#++##""""#?????????????!????? | | ?????????????????????" "??"""#??????!!????? | | ?????????????????????" ""#* "???????!?????? | | ????????????????????## " "???????!!????? | | ????????????????????#" **"#????????????? | | ????????????????????#"" " *"#???????!????? | | ????????????????????#"""" "* "#????????????? | | ????????????????????#"""" " "#???????!????? | | ????????????????????#="! " *"#????????????? | | ????????????????????#"g=gg " "#????????????? | | ????????????????????##%%V!! # "#????????????? | | ?????????????????????###VV" ####????????????????? | | ??????????????????????#"*@ g#???????????????????? | | ??????????????????????#"**" #???????????????????? | | ??????????????????????#" "hh#???????????????????? | | ??????????????????????#" " #???????????????????? | | ??????????????????????#" " #???????????????????? | | ??????????????????????#" " #???????????????????? | | ??????????????????????#"* " #???????????????????? | | ??????????????????????#" " #???????????????????? | | ??????????????????????#" " #???????????????????? | | ??????????????????????#" "# #???????????????????? | | ??????????????????????##### #???????????????????? | | ??????????????????????????# #???????????????????? | | ??????????????????????????# #???????????????????? | | ??????????????????????????# #???????????????????? | | ??????????????????????????# #???????????????????? | | ??????????????????????????# #???????????????????? | | ?????????????????########## ##################### | | ?????????????? | | ?????????????? | | ?????????????? | | ??????????????++###################///######## # | | ???????????????????????????????# #???# ^ # | | ????????????!????=?????????????# #???# # | | ?????????????????=?????????????# " " #???# # | | ?????????????????=?????????????# " " #???#^ # | +----------------------------------------------------+ Best States ------------- Heat Dissipation 149 Energy Generation 59 Energy Capacity 530 Matter Stores 300 Matter Capacity 300 Sight Range 18 Robot Scan Range 16 Terrain Scan Range 24 Terrain Scan Density 1010 Jamming Range 16 Cloak Strength 4 EM Shielding 4 Armor Coverage 1125 Weapon Cycling 15 Evasion (%) 69 Targeting Accuracy 20 Melee Accuracy 6 Core Analysis 8 Armor Integrity Analysis 50 Recoil Reduction 2 Offensive Hacking 28 Defensive Hacking 25 Authchip Count 1 Item Schematics ----------------- Hcp. Storage Unit | -10/Materials | Hacked Imp. Weapon Cycler | -6/Factory | Hacked Cmb. Antigrav System | -6/Factory | Scanalyzed Exp. Optical Array | -5/Zhirov | Free Imp. Arc Thrower | -5/Zhirov | Free Exp. Heat Sink | -5/Zhirov | Free Assault Drone Bay | -5/Zhirov | Free Micro-nuke Launcher | -4/Armory | Hacked Molecular Scythe | -3/Testing | Archive Adv. Matter Compressor | -3/Testing | Archive Adv. Cloaking Device | -2/Research | Hacked Enh. Nova Cannon | -2/Research | Hacked Robot Schematics ------------------ E-15 Imp | -3/Testing | Archive Fabricated ------------ Cmb. Antigrav System | x2 | -6/Factory | Preloaded Cmb. Antigrav System | x2 | -5/Factory | Authchip Cmb. Antigrav System | x2 | -2/Protoforge Cmb. Antigrav System | x2 | -2/Protoforge Repaired ---------- Lgt. Deuterium Engine | 4% | -6/Factory Magnetic Acceleration Cannon | 31% | -6/Factory | Broken Studied --------- Hyp. Railgun | -3/Research | Hacked Cmb. Linear Gravjet | -3/Research | Hacked Enh. Hardcell Cannon | -3/Research | Hacked Alien Tech Used ----------------- Integrated Reactor Transdimensional Reconstructor Core Expander Achievements -------------- Bob, First Of His Name Civilization 2243 Deadly Precision Express Service Fancy Inventory Hulk Smash I Laugh At Your Crits Inventory(Loot) Junior Dev Link The Feds Loot Taster Low-level Research Mistaken Identity Not Today, Chutes Super-what Now? Tailor-made UFD MVP We Are One Challenges ------------ None Game ------ Seed ThrowingPropulsionFilter Manual? 0 Play Time 04:41:10 Cumulative 322.2 hours Start 2025.10.23 @ 18:14:09 End 2025.10.24 @ 01:48:14 Sessions 1 Manual Loads 0 Difficulty Rogue Special Mode None Game No. 227 Rogue 227 Adventurer 0 Explorer 0 Win Type - Total 20 Types 9/0/6/1/1/0/1/1/0/1 Lore% 82 Gallery% 76 Achievement% 54 Wizard Run 0 Options --------- Layout 1 ASCII 0 Keyboard 0 Movement Mouse Keybinds 0 Fullscreen 2 Font 24/Smallcaps Map View 50x35 Zoom Use 0% Tactical HUD 1 Map Filters NONE Filters NONE Steam 1 RUN: 6dab7304-9f19-48a0-862b-b4314df023bc